 Dungeon Crawl Stone Soup version 0.19.1-1-g22dce08 (webtiles) character file.

83 Alarkh the Chopper (level 4, -3/38 HPs)
             Began as a Draconian Monk on Jan 18, 2017.
             Slain by a centaur (9 damage)
             ... on level 3 of the Dungeon.
             The game lasted 00:02:01 (1368 turns).

Alarkh the Chopper (Draconian Monk)                 Turns: 1368, Time: 00:02:02

Health: -3/38      AC:  8    Str: 13    XL:     4   Next: 22%
Magic:  4/4        EV: 18    Int: 12    God:
Gold:   43         SH:  0    Dex: 18    Spells: 0 memorised, 3 levels left

rFire  . . .     SeeInvis .     a - +0 hand axe
rCold  . . .     Gourm    .     (armour unavailable)
rNeg   . . .     Faith    .     (no shield)
rPois  .         Spirit   .     j - +2 hat
rElec  .         Reflect  .     h - +0 cloak
rCorr  .         Harm     .     (no gloves)
MR     .....                    (no boots)
Stlth  +++.......               (no amulet)
                                (no ring)
                                (no ring)

@: agile
A: unfitting armour, cold-blooded, AC +5
a: no special abilities


You were on level 3 of the Dungeon.
You were not hungry.

You visited 1 branch of the dungeon, and saw 3 of its levels.

You collected 43 gold pieces.

Inventory:

Hand Weapons
 a - a +0 hand axe (weapon)
Armour
 h - a +0 cloak (worn)
 j - a +2 hat (worn)
Scrolls
 e - a scroll of identify
 i - a scroll of remove curse
 m - 2 scrolls of teleportation
Potions
 c - 2 potions of flight
 g - 2 potions of agility
 l - 2 potions of curing
 n - a potion of heal wounds
Books
 k - a book of Misfortune

   Spells                             Type                      Level
   a - Confusing Touch                Hexes                        1
   b - Confuse                        Hexes                        3
   c - Gell's Gravitas                Hexes/Translocation          3
   d - Petrify                        Transmutation/Earth          4
   e - Metabolic Englaciation         Hexes/Ice                    5
   f - Yara's Violent Unravelling     Hexes/Transmutation          5
Comestibles
 b - 2 bread rations
 d - 2 chunks of flesh
 f - 2 meat rations


   Skills:
 - Level 3.2 Fighting
 + Level 5.1 Axes
 - Level 2.6 Dodging
 - Level 1.7 Stealth


You had 3 spell levels left.
You didn't know any spells.

Dungeon Overview and Level Annotations

Branches:
Dungeon (3/15)

Altars:
Cheibriados


Innate Abilities, Weirdness & Mutations

Your plain brown scales are hard. (AC +5)
You cannot fit into any form of body armour.
You are cold-blooded and may be slowed by cold attacks.


Message History

You hit the centaur.
Your tail-slap misses the centaur.
The centaur is lightly wounded.
You hit the hobgoblin. The centaur completely misses you.
The hobgoblin closely misses you. The centaur completely misses you.
You hit the centaur but do no damage.
The centaur is lightly wounded.
You barely miss the hobgoblin. The centaur hits you.
* * * LOW HITPOINT WARNING * * *
The hobgoblin barely misses you.
You completely miss the centaur. You tail-slap the centaur.
The centaur is lightly wounded.
You closely miss the hobgoblin. The centaur completely misses you.
The hobgoblin misses you. The centaur hits you.
* * * LOW HITPOINT WARNING * * *
You hit the centaur but do no damage.
The centaur is lightly wounded.
You hit the hobgoblin.
You kill the hobgoblin!
The centaur hits you!
You die...

### ..#
#.# #.#
#.# #.#
####.####
##...c...#
#<...†@#.#
#...##.#
#... ..#
#.$ #..#
#.. ....
#. ....#
.. ##.##
#.


You could see a centaur.

Vanquished Creatures
  2 adders
  A worm (D:2)
  A dart slug (D:2)
  4 leopard geckos
  9 bats
  4 giant cockroaches (D:1)
  6 goblins
  6 hobgoblins
  4 jackals (D:1)
  3 frilled lizards (D:2)
  5 kobolds
  8 rats
53 creatures vanquished.

Notes
Turn   | Place    | Note
-------+----------+-------------------------------------------
     0 | D:1      | Alarkh the Draconian Monk began the quest for the Orb.
     0 | D:1      | Reached XP level 1. HP: 19/19 MP: 1/1
   153 | D:1      | Reached XP level 2. HP: 23/26 MP: 2/2
   347 | D:1      | Reached skill level 4 in Axes
   356 | D:1      | Reached XP level 3. HP: 21/31 MP: 3/3
   542 | D:2      | Found a snail-covered altar of Cheibriados.
  1086 | D:2      | Reached XP level 4. HP: 38/38 MP: 4/4
  1275 | D:3      | Reached skill level 5 in Axes
  1362 | D:3      | Noticed a centaur
  1368 | D:3      | Slain by a centaur

Skill      XL: |  1  2  3  4 |
---------------+-------------+-----
Axes           | 4 5 |  5.1
Fighting       | |  3.2
Dodging        | |  2.6
Stealth        | |  1.7

Action                   |  1- 3 |  4- 6 || total
-------------------------+-------+-------++-------
Melee: Hand axe          |   134 |    22 ||   156
       Tailslap          |    18 |     1 ||    19
  Use: Scroll            |       |     6 ||     6
       Potion            |       |     1 ||     1
 Stab: Sleeping          |     4 |       ||     4
  Eat: Chunk             |     1 |     1 ||     2
Armor: Skin              |    49 |     8 ||    57
Dodge: Dodged            |   126 |    22 ||   148
